 Dungeon Crawl Stone Soup version 0.21.1-1-g345015f (webtiles) character file.

7781 letownia2 the Frost Mage (level 11, -13/52 HPs)
             Began as a Vine Stalker Ice Elementalist on Feb 24, 2018.
             Was an Elder of Sif Muna.
             Mangled by a polar bear (16 damage)
             ... in an ice cave.
             The game lasted 00:36:37 (4036 turns).

letownia2 the Frost Mage (VSIE)                     Turns: 4036, Time: 00:36:38

Health: -13/52     AC:  8    Str: 11    XL:     11   Next: 20%
Magic:  0/19       EV: 12    Int: 18    God:    Sif Muna [****..]
Gold:   156        SH:  0    Dex: 13    Spells: 4/20 levels left

rFire    . . .     SeeInvis .   o - +2 flail (crush)
rCold    + . .     Gourm    .   (no shield)
rNeg     . . .     Faith    +   u - +0 leather armour
rPois    +         Spirit   +   (no helmet)
rElec    .         Reflect  .   q - +1 cloak
rCorr    .         Harm     .   (no gloves)
MR       +....                  K - +2 pair of boots {run}
Stlth    ++........             g - amulet of faith
HPRegen  0.57/turn              w - ring of poison resistance
MPRegen  0.16/turn              B - ring of protection from cold

@: no casting, quick
A: fangs 3, clumsy 1, regeneration 1, magic shield, antimagic bite, no potion
heal 3, rot immunity
a: Stop Divine Energy, Channel Magic, Forget Spell, Renounce Religion


You were in an ice cave.
You worshipped Sif Muna.
Sif Muna was greatly pleased with you.
You were near starving.

You visited 3 branches of the dungeon, and saw 12 of its levels.
You also visited: Ice Cave.

You collected 321 gold pieces.
You spent 165 gold pieces at shops.

Inventory:

Hand Weapons
 a - the +0 trident "Cieqeur" {freeze, rPois rF- rC+++ Str-4}
   (You found it on level 7 of the Dungeon)

   It has been specially enchanted to freeze those struck by it, causing extra
   injury to most foes and up to half again as much damage against particularly
   susceptible opponents.
   It can also slow down cold-blooded creatures.
   It affects your strength (-4).
   It makes you vulnerable to fire.
   It renders you almost immune to cold.
   It protects you from poison.
 h - the +9 short sword of Contradiction {drain, *Contam Dex+6}
   (You found it on level 4 of the Dungeon)

   A truly terrible weapon, it drains the life of those it strikes.
   It affects your dexterity (+6).
   It causes magical contamination when unequipped.
 o - a +2 flail of crushing (weapon)
 D - a +0 blowgun
Missiles
 l - 50 bolts
 L - 3 curare-tipped needles
Armour
 q - a +1 cloak (worn)
 u - a +0 leather armour (worn)
 K - a +2 pair of boots of running (worn)
Magical Staves
 z - an uncursed staff of energy
Jewellery
 g - an amulet of faith (around neck)
 v - an uncursed ring of positive energy
 w - a ring of poison resistance (left hand)
 B - a ring of protection from cold (right hand)
 G - an uncursed ring of wizardry
Wands
 x - a wand of polymorph (14)
 y - a wand of iceblast (11)
Scrolls
 f - 3 scrolls of enchant armour
 i - 10 scrolls of identify
 j - 2 scrolls of fog
 p - 2 scrolls of teleportation
 r - a scroll of silence {unknown}
 C - 2 scrolls of remove curse
 F - 2 scrolls of enchant weapon {unknown}
 J - a scroll of amnesia {unknown}
 N - a scroll of magic mapping {unknown}
Potions
 d - 5 potions of flight
 e - a potion of invisibility
 m - 2 potions of curing
 n - a potion of berserk rage
 t - a potion of haste
 A - 2 potions of lignification
 E - a potion of magic
 H - 3 potions of might
 I - a potion of ambrosia
 P - 2 potions of mutation
Books
 b - a book of Frost

   Spells                             Type                      Level
   a - Freeze                         Ice                          1
   b - Throw Frost                    Conjuration/Ice              2
   c - Ozocubu's Armour               Charms/Ice                   3
   d - Throw Icicle                   Conjuration/Ice              4
   e - Summon Ice Beast               Ice/Summoning                4
 s - a book of Conjurations

   Spells                             Type                      Level
   a - Magic Dart                     Conjuration                  1
   b - Searing Ray                    Conjuration                  2
   c - Dazzling Spray                 Conjuration/Hexes            3
   d - Fulminant Prism                Conjuration/Hexes            4
   e - Force Lance                    Conjuration/Translocation    4
   f - Iskenderun's Mystic Blast      Conjuration                  4
 M - a book of Callings

   Spells                             Type                      Level
   a - Summon Small Mammal            Summoning                    1
   b - Call Imp                       Summoning                    2
   c - Call Canine Familiar           Summoning                    3
   d - Summon Guardian Golem          Hexes/Summoning              3
   e - Summon Lightning Spire         Summoning/Air                4
   f - Summon Ice Beast               Ice/Summoning                4
Comestibles
 c - 9 rations


   Skills:
 - Level 3.0 Fighting
 - Level 2.7 Armour
 - Level 1.7 Dodging
 - Level 2.4 Stealth
 - Level 5.1 Spellcasting
 + Level 6.5 Conjurations
 - Level 2.1 Charms
 - Level 4.4 Summonings
 - Level 11.8 Ice Magic
 - Level 5.8 Invocations


You had 4 spell levels left.
You knew the following spells:

 Your Spells              Type           Power        Failure   Level  Hunger
a - Freeze                Ice            ####         1%          1    None
d - Throw Icicle          Conj/Ice       #####...     3%          4    ####...
f - Throw Frost           Conj/Ice       #####.       1%          2    #......
i - Summon Ice Beast      Ice/Summ       ####....     6%          4    ####...
l - Searing Ray           Conj           ####..       1%          2    #......
o - Ozocubu's Armour      Chrm/Ice       ####....     2%          3    ##.....


Dungeon Overview and Level Annotations

Branches:
Dungeon (9/15)             Temple (1/1) D:6            Lair (2/6) D:8
    Orc (0/2) D:9
  Swamp: Lair:2-4    Shoals: Lair:2-4     Snake: Lair:2-4    Spider: Lair:2-4

Altars:
Ashenzari
Fedhas
Gozag
Hepliaklqana
Okawaru
Ru
Sif Muna
Uskayaw
Wu Jian
Yredelemnul
Zin

Shops:
D:8 !

Annotations:
D:6 1 transporter


Innate Abilities, Weirdness & Mutations

You have razor-sharp teeth.
Your natural rate of healing is unusually fast.
When hurt, damage is shared between your health and your magic reserves.
Your bite disrupts and absorbs the magic of your enemies.
Potions cannot restore your health.
You are immune to rotting.
You are clumsy. (Dex -2)


Message History

The polar bear claws you.
* * * LOW HITPOINT WARNING * * *
Your ice beast hits the polar bear but does no damage.
The polar bear bites you!
* * * LOW HITPOINT WARNING * * *
The polar bear claws you.
* * * LOW HITPOINT WARNING * * *
The polar bear barely misses you.
Unknown command.
Unknown command.
Casting: Throw Icicle
Confirm with . or Enter, or press ? or * to list all spells.
Aiming: Throw Icicle
Press: ? - help, Shift-Dir - straight line, f/p - polar bear
Aim: a polar bear (severely wounded, berserk, fast, unusually strong)
The shard of ice hits the polar bear.
The polar bear partially resists.
The polar bear is almost dead.
Sif Muna grants you divine energy.
You briefly lose access to your magic!
The polar bear bites you!
You die...

###....##
##..###
#####..##
####.#...##
##......###
##....####
##..####
#.Y###
#@h..#
###....#
##....#
##... ##


You could see a polar bear (berserk) and a friendly ice beast.

Vanquished Creatures
  An ice statue (IceCv)
  A spiny frog (Lair:1)
  A komodo dragon (Lair:2)
  7 polar bears (IceCv)
  2 hippogriffs
  Prince Ribbit (D:5)
  10 yaks
  A basilisk (Lair:2)
  Edmund (D:4)
  2 porcupines (Lair:1)
  An ice beast (D:8)
  A sky beast (D:6)
  5 wolves (IceCv)
  2 ogres (D:4)
  A phantom (D:9)
  A centaur (D:7)
  A crocodile (D:9)
  3 big kobolds
  4 bullfrogs
  3 scorpions
  6 killer bees
  A wight (D:6)
  4 howler monkeys
  A crimson imp (D:9)
  A bullfrog zombie (D:7)
  4 hounds
  2 orc priests
  2 jellies (D:7)
  3 orc wizards
  Terence (D:3)
  4 bullfrog skeletons
  2 worker ants
  2 hound zombies
  3 gnolls (D:8)
  A worker ant zombie (D:5)
  A howler monkey skeleton (D:4)
  13 adders
  2 oozes (D:3)
  An adder zombie (D:8)
  3 adder skeletons
  A leopard gecko (D:4)
  16 orcs
  A giant cockroach (D:6)
  5 goblins
  4 hobgoblins
  6 jackals (D:3)
  A quokka (D:2)
  A ball python (D:3)
  5 bats
  4 frilled lizards
  A jackal skeleton (D:7)
  19 kobolds
  A quokka skeleton (D:4)
  5 rats
176 creatures vanquished.

Vanquished Creatures (collateral kills)
  A polar bear (IceCv)
  A yak (IceCv)
2 creatures vanquished.

Vanquished Creatures (others)
  6 plants (D:8)
6 creatures vanquished.

Grand Total: 184 creatures vanquished

Notes
Turn   | Place    | Note
-------+----------+-------------------------------------------
     0 | D:1      | letownia2 the Vine Stalker Ice Elementalist began the quest for the Orb.
     0 | D:1      | Reached XP level 1. HP: 9/9 MP: 4/4
   127 | D:2      | Reached XP level 2. HP: 12/13 MP: 0/6
   287 | D:2      | Found a faded altar of an unknown god.
   360 | D:2      | Reached skill level 4 in Ice Magic
   382 | D:2      | Reached XP level 3. HP: 13/16 MP: 5/7
   468 | D:2      | Learned a level 3 spell: Ozocubu's Armour
   638 | D:4      | Noticed an ogre
   642 | D:4      | Noticed an ogre
   702 | D:3      | Gained mutation: Your natural rate of healing is unusually fast. [Vine Stalker growth]
   702 | D:3      | Reached XP level 4. HP: 16/21 MP: 4/8
   707 | D:3      | Noticed Terence
   728 | D:3      | Killed Terence
   728 | D:3      | Reached skill level 1 in Charms
   807 | D:3      | Reached skill level 5 in Ice Magic
   876 | D:4      | Reached XP level 5. HP: 24/24 MP: 5/9
   897 | D:4      | Got a slimy short sword
   905 | D:4      | Noticed Edmund
  1076 | D:4      | Learned a level 2 spell: Searing Ray
  1139 | D:4      | Reached skill level 1 in Fighting
  1162 | D:4      | Reached skill level 1 in Armour
  1214 | D:4      | Reached XP level 6. HP: 30/30 MP: 6/10
  1296 | D:4      | Reached XP level 7. HP: 15/36 MP: 0/11
  1334 | D:4      | Learned a level 4 spell: Summon Ice Beast
  1335 | D:5      | Entered Level 5 of the Dungeon
  1346 | D:5      | Noticed Prince Ribbit
  1555 | D:4      | Killed Edmund
  1770 | D:5      | Killed Prince Ribbit
  1770 | D:5      | Gained mutation: You have razor-sharp teeth. [Vine Stalker growth]
  1770 | D:5      | Reached XP level 8. HP: 17/40 MP: 2/14
  1972 | D:6      | Learned a level 4 spell: Throw Icicle
  1975 | D:6      | Found a transporter.
  2016 | D:6      | Found a staircase to the Ecumenical Temple.
  2031 | Temple   | Entered the Ecumenical Temple
  2078 | Temple   | Became a worshipper of Sif Muna the Loreminder
  2222 | D:6      | Reached skill level 1 in Summonings
  2222 | D:6      | Reached skill level 6 in Ice Magic
  2248 | D:6      | Identified the +9 short sword of Contradiction {drain, *Contam Dex+6} (You found it on level 4 of the Dungeon)
  2271 | D:7      | Got a transparent trident
  2319 | D:7      | Reached * piety under Sif Muna
  2347 | D:7      | Noticed a hippogriff
  2365 | D:7      | Killed a hippogriff
  2365 | D:7      | Reached skill level 7 in Ice Magic
  2365 | D:7      | Reached XP level 9. HP: 35/44 MP: 14/16
  2495 | D:8      | Found Ekisk's Distillery.
  2503 | D:8      | Bought a potion of lignification for 45 gold pieces
  2503 | D:8      | Bought a potion of magic for 120 gold pieces
  2513 | D:8      | Found a staircase to the Lair.
  2514 | D:8      | Noticed a komodo dragon
  2548 | D:9      | Reached ** piety under Sif Muna
  2552 | D:9      | Reached skill level 8 in Ice Magic
  2598 | D:9      | Reached skill level 9 in Ice Magic
  2612 | D:9      | Reached *** piety under Sif Muna
  2612 | D:9      | Reached skill level 10 in Ice Magic
  2651 | D:9      | Found a staircase to the Orcish Mines.
  2661 | D:9      | Found a glowing silver altar of Zin.
  2703 | D:8      | Reached XP level 10. HP: 9/49 MP: 2/17
  2705 | D:8      | HP: 2/49 [orc/trident (2)]
  2864 | D:9      | Identified a +2 pair of boots of running (You found it on level 9 of the Dungeon)
  2923 | D:9      | Reached skill level 5 in Conjurations
  3031 | Lair:1   | Entered Level 1 of the Lair of Beasts
  3047 | Lair:1   | Noticed a spiny frog
  3055 | Lair:1   | Killed a spiny frog
  3055 | Lair:1   | Reached **** piety under Sif Muna
  3055 | Lair:1   | Reached skill level 5 in Spellcasting
  3059 | Lair:1   | Learned a level 2 spell: Throw Frost
  3075 | Lair:1   | Reached skill level 1 in Invocations
  3136 | Lair:1   | Noticed a spiny frog
  3149 | Lair:1   | HP: 1/49 [spiny frog (12)]
  3214 | Lair:2   | Found a frozen archway.
  3330 | IceCv    | Entered an ice cave
  3343 | IceCv    | Reached skill level 11 in Ice Magic
  3460 | IceCv    | Reached skill level 5 in Invocations
  3479 | IceCv    | Noticed an ice statue
  3522 | IceCv    | Reached XP level 11. HP: 40/52 MP: 0/19
  3567 | IceCv    | Identified the cursed +0 trident "Cieqeur" {freeze, rPois rF- rC+++ Str-4} (You found it on level 7 of the Dungeon)
  3608 | IceCv    | Gained mutation: You are clumsy. (Dex -2) [mutagenic glow]
  4036 | IceCv    | Mangled by a polar bear

Skill      XL: |  1  2  3  4  5  6  7  8  9 10 11 |
---------------+----------------------------------+-----
Ice Magic      | 4 5 7 10 11 | 11.8
Charms         | 2 |  2.1
Fighting       | 1 3 |  3.0
Armour         | 1 2 |  2.7
Conjurations   | 4 5 6 |  6.5
Spellcasting   | 3 4 5 |  5.1
Summonings     | 3 4 |  4.4
Invocations    | 5 |  5.8
Dodging        | |  1.7
Stealth        | |  2.4

Action                   |  1- 3 |  4- 6 |  7- 9 | 10-12 || total
-------------------------+-------+-------+-------+-------++-------
Melee: Bite              |     2 |    21 |    43 |    82 ||   148
       Unarmed           |     1 |       |       |       ||     1
       Dagger            |     4 |    73 |    46 |       ||   123
       Short sword       |       |       |    72 |   125 ||   197
       Trident           |       |       |       |   119 ||   119
       Flail             |       |       |       |    19 ||    19
 Cast: Freeze            |    35 |    55 |   114 |    14 ||   218
       Ozocubu's Armour  |       |     4 |     8 |    15 ||    27
       Searing Ray       |       |       |     8 |     4 ||    12
       Throw Icicle      |       |       |     2 |    53 ||    55
       Summon Ice Beast  |       |       |       |     6 ||     6
Invok: Channel Magic     |       |       |       |     4 ||     4
       Divine Energy     |       |       |       |     1 ||     1
Evoke: Wand              |       |     5 |     8 |    14 ||    27
  Use: Scroll            |       |     3 |     6 |     6 ||    15
       Potion            |       |       |       |     1 ||     1
 Stab: Sleeping          |     1 |     2 |       |     2 ||     5
       Invisible         |       |       |       |     1 ||     1
  Eat: Chunk             |       |     3 |     6 |    15 ||    24
Armor: Robe              |     9 |     5 |       |       ||    14
       Leather armour    |       |    35 |   109 |   195 ||   339
Dodge: Dodged            |    27 |    67 |   172 |   261 ||   527
